 Dungeon Crawl Stone Soup version 0.26.1-11-gd32895ea62 (webtiles) character file.

Game seed: 1690402073341903026

84 H0rd4k the Insei (level 4, -4/28 HPs)
             Began as an Octopode Transmuter on June 15, 2021.
             Killed from afar by Sigmund (7 damage)
             ... with a magic dart
             ... on level 2 of the Dungeon.
             The game lasted 00:01:40 (1744 turns).

H0rd4k the Insei (Octopode Transmuter)              Turns: 1744, Time: 00:01:41

Health: -4/28      AC:  1    Str:  9    XL:     4   Next: 45%
Magic:  7/7        EV: 13    Int: 16    God:
Gold:   79         SH:  0    Dex: 12    Spells: 3/7 levels left

rFire    . . .     SeeInvis .     - Unarmed
rCold    . . .     Faith    .   (no shield)
rNeg     . . .     Spirit   .   (helmet restricted)
rPois    .         Reflect  .   (no amulet)
rElec    .         Harm     .   (no ring)
rCorr    .         Rampage  .   (no ring)
Will     .....                  (no ring)
Stlth    ++........             (no ring)
HPRegen  0.09/turn              (no ring)
MPRegen  0.10/turn              (no ring)
                                (no ring)
                                (no ring)

@: no status effects
A: almost no armour, stealthy swim, amphibious, 8 rings, constrict 8, camouflage
1, gelatinous body 1
a: no special abilities


You were on level 2 of the Dungeon.
You visited 1 branch of the dungeon, and saw 2 of its levels.

You collected 79 gold pieces.

Inventory:

Scrolls
 a - a scroll of noise {unknown}
 b - 2 scrolls of teleportation {unknown}
 c - 2 scrolls of identify {unknown}
 e - a scroll of remove curse {unknown}
 f - a scroll of blinking {unknown}
 g - a scroll of random uselessness {unknown}
 h - a scroll of fear {unknown}
 j - a scroll of enchant weapon {unknown}
Potions
 d - 2 potions of lignification {unknown}
 i - a potion of invisibility {unknown}


   Skills:
 + Level 1.2 Fighting
 + Level 2.4 Dodging
 - Level 0.6 Stealth
 + Level 4.1 Unarmed Combat
 * Level 2.2 Spellcasting
 * Level 2.4 Transmutations
 * Level 1.0 Poison Magic


You had 3 spell levels left.
You knew the following spells:

 Your Spells              Type           Power        Failure   Level
a - Beastly Appendage     Tmut           18%          8%          1
b - Spider Form           Tmut/Pois      3%           30%         3

Your spell library contained the following spells:

 Spells                   Type           Power        Failure   Level
 Wereblood                Tmut           9%           12%         2
 Ice Form                 Ice/Tmut       5%           77%         4
 Blade Hands              Tmut           4%           91%         5


Dungeon Overview and Level Annotations

Branches:
Dungeon (2/15)

Altars:

Annotations:
D:2 Sigmund


Innate Abilities, Weirdness & Mutations

You cannot wear most types of armour.
You are very stealthy in the water. (Stealth+)
You are amphibious.
You can wear up to eight rings at the same time.
You can use your tentacles to constrict eight enemies at once.
Your skin changes colour to match your surroundings (Stealth+).
Your rubbery body absorbs attacks. (AC +1, EV +1)


Message History

Sigmund is nearby!
You are too injured to fight recklessly!
Sigmund is nearby!
You tentacle-slap Sigmund.
Sigmund is heavily wounded.
You constrict Sigmund. Sigmund completely misses you.
You tentacle-slap Sigmund.
Sigmund is heavily wounded.
You constrict Sigmund, but do no damage.
You tentacle-slap Sigmund but do no damage.
Sigmund is heavily wounded.
You constrict Sigmund. Sigmund casts a spell at you. The magic dart hits you!
* * * LOW HITPOINT WARNING * * *
You release your grip on Sigmund.
Sigmund completely misses you.
There is a stone staircase leading up, spattered with blood here.
Sigmund points at you and mumbles some strange words.
The magic dart hits you!
You die...

.....#. .....#.##
........# .......)#
#.##.##)# # #.##.#
##.##.##.####
#...)..)$))†###.#
..........?@.@.....#
...#......#.##)#####
..........#.##.#
#..#..###...##.# ..
#.# ##..##.# # #.
#..##.# .. #.....#
....### ..#.


You could see Sigmund.

Vanquished Creatures
  Robin (D:1)
  A worm (D:2)
  3 dart slugs (D:1)
  2 ball pythons (D:1)
  7 giant cockroaches
  14 goblins
  8 hobgoblins
  5 jackals
  7 bats
  2 frilled lizards (D:1)
  2 kobolds
  5 rats
57 creatures vanquished.

Notes
Turn   | Place    | Note
-------+----------+-------------------------------------------
     0 | D:1      | H0rd4k the Octopode Transmuter began the quest for the Orb.
     0 | D:1      | Reached XP level 1. HP: 13/13 MP: 3/3
   186 | D:1      | Reached XP level 2. HP: 17/18 MP: 5/5
   410 | D:1      | Reached XP level 3. HP: 21/23 MP: 6/6
  1096 | D:1      | Learned a level 3 spell: Spider Form
  1238 | D:2      | Noticed Robin
  1246 | D:1      | Killed Robin
  1247 | D:1      | Reached skill level 4 in Unarmed Combat
  1247 | D:1      | Reached XP level 4. HP: 17/28 MP: 7/7
  1694 | D:2      | Reached skill level 1 in Poison Magic
  1735 | D:2      | Noticed Sigmund
  1744 | D:2      | Killed from afar by Sigmund

Illustrated notes

Levels and vault maps discovered:
D:1:      erik_arrival_triangle_small, layout_rooms,
          amcnicky_mini_corridor_feature
D:2:      layout_loops_ring, minmay_three_crescents, uniq_sigmund, uniq_robin,
          uniq_crazy_yiuf_cottage

Skill      XL: |  1  2  3  4 |
---------------+-------------+-----
Unarmed Combat | 4 |  4.1
Poison Magic   | 1 |  1.0
Fighting       | |  1.2
Dodging        | |  2.4
Stealth        | |  0.6
Spellcasting   | |  2.2
Transmutations | |  2.4

Action                   |  1- 3 |  4- 6 || total
-------------------------+-------+-------++-------
Melee: Unarmed           |    84 |    50 ||   134
       Constrict         |    24 |    14 ||    38
       Tentacles         |    14 |     6 ||    20
       Punch             |     3 |       ||     3
 Stab: Sleeping          |     3 |       ||     3
       Distracted        |       |     1 ||     1
Armor: Skin              |     3 |     5 ||     8
Dodge: Dodged            |    54 |    42 ||    96
